 Dungeon Crawl Stone Soup version 0.32-a0-520-g344ed53f66 (console) character file.

Game seed: 7086949486876879383

28 zenocrate the Shooter (level 2, 0/25 HPs)
             Began as a Minotaur Hunter on Feb 27, 2024.
             Slain by Terence
             ... wielding a +0 morningstar
              (8 damage)
             ... on level 2 of the Dungeon.
             The game lasted 00:00:50 (748 turns).

zenocrate the Shooter (Minotaur Hunter)              Turns: 748, Time: 00:00:51

Health: 0/25       AC:  3    Str: 15    XL:     2   Next: 96%
Magic:  1/1        EV: 12    Int:  6    God:
Gold:   60         SH:  0    Dex: 13    Spells: 1/1 levels left

rFire   . . .        a - +0 shortbow
rCold   . . .        (shield currently unavailable)
rNeg    . . .        c - +0 leather armour
rPois   .            (helmet restricted)
rElec   .            (no cloak)
rCorr   .            (no gloves)
SInv    .            (no boots)
Will    .....        (no amulet)
Stlth   +            (no ring)
HPRegen 0.24/turn    (no ring)
MPRegen 0.07/turn

%: no passive effects
@: no status effects
A: horns 2, retaliatory headbutt
a: no special abilities


You were on level 2 of the Dungeon.
You visited 1 branch of the dungeon, and saw 2 of its levels.

You collected 60 gold pieces.

Inventory:

Hand Weapons
 a - a +0 shortbow (weapon)
Armour
 c - a +0 leather armour (worn)
Wands
 g - a wand of digging (5)
Scrolls
 b - a scroll of butterflies
 d - a scroll of revelation {unknown}
 h - a scroll of identify {unknown}
 i - a scroll of enchant weapon {unknown}
Potions
 e - a potion of brilliance {unknown}
 f - a potion of enlightenment {unknown}


   Skills:
 + Level 2.4 Fighting
 + Level 5.4 Ranged Weapons
 - Level 2.1 Dodging
 - Level 0.7 Stealth


You had one spell level left.
You didn't know any spells.
Your spell library was empty.

Dungeon Overview and Level Annotations

Branches:
Dungeon (2/15)

Altars:

Annotations:
D:2 Terence


Innate Abilities, Weirdness & Mutations

You have a pair of horns on your head.
You reflexively headbutt those who attack you in melee.


Message History

The goblin hits you with a +0 dagger of speed.
You shoot an arrow. The arrow hits the goblin!
You kill the goblin!
No target in view!
You see here a +0 dagger of speed.
No target in view!
HP restored.
i - a scroll labelled DEMUBU YCIC You open the door.
A giant cockroach and Terence come into view.
Terence shouts!
An endoplasm comes into view.
You shoot an arrow.
The arrow hits Terence but does no damage.
Terence hits you with a +0 morningstar.
There are monsters nearby!
You shoot an arrow. The arrow closely misses Terence.
The arrow hits the giant cockroach.
The giant cockroach is almost dead.
Terence hits you with a +0 morningstar. Terence closely misses you.
You shoot an arrow. The arrow completely misses Terence.
The arrow completely misses the giant cockroach.
Terence hits you with a +0 morningstar!
You are too injured to fight recklessly!
You are too injured to fight recklessly!
Unknown command.
You shoot an arrow. The arrow closely misses Terence.
The arrow hits the giant cockroach but does no damage.
The giant cockroach is almost dead.
Terence closely misses you.
Unknown command.
You shoot an arrow. The arrow closely misses Terence.
The arrow completely misses the giant cockroach.
Terence hits you with a +0 morningstar.
* * * LOW HITPOINT WARNING * * *
Unknown command.
You shoot an arrow. The arrow hits Terence.
Terence is lightly wounded.
Terence hits you with a +0 morningstar!
You die...
Terence says, "Time to find some more victims."

#..... ####..... #........
#####.#...... #.....#......
#.......##... #.###...#####
###+ #.##.#..# # ≈≈.≈
######.#.###... .
#J≈#...##.#.. .##.. .
#B@@...).#.# . ....
#.≈#...##......# .. ≈≈.≈
########.#### ... ####+## #.#
#.....# #.# #.....# #.###
#.....#########...#######
#...............#........
#..<....#.#.###.#..#.#.##
..###.#...#.#.#.###.#..#.#.##
.................##.#....#.##


You could see Terence, an endoplasm and a giant cockroach.

Vanquished Creatures
  A dart slug (D:1)
  3 ball pythons
  An endoplasm (D:2)
  3 goblins
  2 hobgoblins (D:1)
  4 kobolds (D:1)
  4 quokkas (D:1)
  2 bats (D:1)
  2 frilled lizards (D:1)
  A rat (D:1)
23 creatures vanquished.

Notes
Turn   | Place    | Note
-------+----------+-------------------------------------------
     0 | D:1      | zenocrate the Minotaur Hunter began the quest for the Orb.
     0 | D:1      | Reached XP level 1. HP: 18/18 MP: 0/0
   183 | D:1      | Reached XP level 2. HP: 25/25 MP: 1/1
   189 | D:1      | Reached skill level 5 in Ranged Weapons
   742 | D:2      | Noticed Terence
   748 | D:2      | Slain by Terence

Illustrated notes

Levels and vault maps discovered:
D:1:      psy_arrival_radial01, layout_loops_ring
D:2:      layout_loops_cross, kennysheep_generic_room_13, uniq_terence

Skill      XL: |  1  2 |
---------------+-------+-----
Ranged Weapons | 5 |  5.4
Fighting       | |  2.4
Dodging        | |  2.1
Stealth        | |  0.7

Action                     || total
---------------------------++-------
   Fire: Shortbow          ||    74
 Armour: Leather armour    ||    16
  Dodge: Dodged            ||    16

Table legend: (Time is in decaauts)
 A = Elapsed time spent in this place.
 B = Non-inter-level travel time spent in this place.
 C = Inter-level travel time spent in this place.
 D = Time resting spent in this place.
 E = Time spent auto-exploring this place.
 F = Levels seen in this place.
 G = Mean time per level.
                   A        B        C        D        E       F      G
               +--------+--------+--------+--------+--------+-----+--------+
         Total |    761 |    738 |     23 |      0 |    614 |   2 |  380.5 |
       Dungeon |    761 |    738 |     23 |      0 |    614 |   2 |  380.5 |
               +--------+--------+--------+--------+--------+-----+--------+

Top non-repeatable levels by time:
     D:1: 625 daAuts
     D:2: 136 daAuts
